 Dungeon Sprint DCSS version 0.30-a0-269-gf0224bf7b6 (webtiles) character file.

Game seed: 2560147438666833714

1224 tbh1313 the Bludgeoner (level 8, -3/74 HPs)
             Began as a Troll Berserker on Oct 14, 2022.
             Was an Elder of Trog.
             Slain by Sonja
             ... wielding a +3 short sword of distortion
              (8 damage)
             ... in the Dungeon (Sprint I: "Red Sonja").
             The game lasted 00:02:01 (337 turns).

tbh1313 the Bludgeoner (Troll Berserker)             Turns: 337, Time: 00:02:02

Health: -3/74      AC:  5    Str: 28    XL:     8   Next: 23%
Magic:  7/7        EV: 10    Int:  3    God:    Trog [****..]
Gold:   341        SH:  0    Dex:  9    Spells: 7/7 levels left

rFire   . . .      SeeInvis .    j - +0 giant club
rCold   . . .      Faith    .    (shield currently unavailable)
rNeg    + . .      Spirit   .    a - +0 robe {rN+}
rPois   .          Reflect  .    (helmet restricted)
rElec   .          Harm     .    b - +0 cloak
rCorr   .          Rampage  .    (gloves unavailable)
Will    ++...      NoTele   +    (boots unavailable)
Stlth   +.........               (no amulet)
HPRegen 2.12/turn                (no ring)
MPRegen 0.10/turn                (no ring)

@: lethally poisoned (-3 -> -4), strong-willed, regenerating, slowed, very slow
A: large, unfitting armour, claws 3, regeneration 1, shaggy fur 1, tough skin 1
a: Renounce Religion, Berserk, Trog's Hand, Brothers in Arms


You were in the Dungeon.
You worshipped Trog.
Trog was greatly pleased with you.
You visited 1 branch You collected 422 gold pieces.
You spent 81 gold pieces at shops.

Inventory:

Hand Weapons
 j - a +0 giant club (weapon)
Armour
 a - a +0 robe of positive energy (worn)
 b - a +0 cloak (worn)
Wands
 i - a wand of flame (7)
Scrolls
 h - a scroll of blinking
Potions
 c - a potion of curing
 f - 2 potions of magic
 g - a potion of berserk rage


   Skills:
 - Level 2.4 Fighting
 + Level 16.6 Maces & Flails
 - Level 2.4 Dodging


You had 7 spell levels left.
You didn't know any spells.
Your spell library was empty.

Dungeon Overview and Level Annotations

Branches:
Dungeon (1/1)

Altars:
Cheibriados
Dithmenos
Elyvilon
Fedhas
Gozag
Hepliaklqana
Kikubaaqudgha
Makhleb
Nemelex Xobeh
Okawaru
Qazlal
Ru
Sif Muna
Trog
Uskayaw
Vehumet
Wu Jian
Xom
Yredelemnul
Zin
The Shining One
Jiyva
Lugonu

Shops:
D [

Annotations:
D Sonja


Innate Abilities, Weirdness & Mutations

You are too large for most types of armour.
You have claws for hands.
Your natural rate of healing is unusually fast.
You are covered in fur. (AC +1)
You have tough skin. (AC +1)


Message History

You feel strong-willed.
Sonja shouts!
Sonja throws a curare-tipped dart.
The curare-tipped dart hits you.
You are poisoned.
You have difficulty breathing.
You feel yourself slow down.
You feel very sick.
Sonja gestures wildly while chanting.
Sonja blinks!
There is an open door here.
You fail to use your ability.
You feel very sick.
Sonja gestures wildly while chanting.
Sonja blinks!
Sonja throws a curare-tipped dart.
The curare-tipped dart hits you.
You are more poisoned.
You have difficulty breathing.
You feel as though you will be slow longer.
Sonja throws a curare-tipped dart.
The curare-tipped dart hits you.
You are more poisoned.
You have difficulty breathing.
You feel as though you will be slow longer.
You feel extremely sick.
Sonja throws a curare-tipped dart.
The curare-tipped dart barely misses you.
Sonja throws a curare-tipped dart.
The curare-tipped dart closely misses you.
You close the door.
You feel extremely sick.
You feel very sick.
Sonja breaks down the door.
You see here 27 gold pieces.
You feel very sick.
Sonja hits you with a +3 short sword of distortion!
Space warps around you. Sonja hits you but does no damage.
Sonja hits you with a +3 short sword of distortion.
Space warps horribly around you!!
* * * LOW HITPOINT WARNING * * *
Sonja closely misses you.
Sonja hits you with a +3 short sword of distortion!
You die...

#..)..#..'..#..'..'..#)..#
#..#####'#####'#__####...+
#..####..#...#.#### #####
#..#__####..##[#
#..#_____##'#_.+
#⌠⌠#_.∩...'..._#
####_..__##_.#'#
#_____###K#.#
#########@### +$.$+ #$.$#
##.## #+#


You could see Sonja.

Levels and vault maps discovered:
D:        dungeon_sprint_1 [red_sonja_temple_1, red_sonja_temple_small_1]

Notes
Turn   | Place    | Note
-------+----------+-------------------------------------------
     0 | D        | tbh1313 the Troll Berserker began the quest for the Orb.
     0 | D        | Reached XP level 1. HP: 22/22 MP: 0/0
     1 | D        | Noticed Ijyb
    18 | D        | Killed Ijyb
    19 | D        | Reached skill level 5 in Maces & Flails
    19 | D        | Reached XP level 2. HP: 14/29 MP: 1/1
    64 | D        | Noticed an ogre
    74 | D        | Killed an ogre
    75 | D        | Reached skill level 8 in Maces & Flails
    75 | D        | Reached XP level 3. HP: 36/36 MP: 2/2
    75 | D        | Reached XP level 4. HP: 44/44 MP: 3/3
    92 | D        | Noticed Sigmund
   107 | D        | Killed Sigmund
   107 | D        | Reached ** piety under Trog
   108 | D        | Reached skill level 11 in Maces & Flails
   108 | D        | Reached XP level 5. HP: 27/50 MP: 4/4
   139 | D        | Found an ornate altar of the Wu Jian Council.
   139 | D        | Found a shimmering blue altar of Sif Muna.
   141 | D        | Found a radiant altar of Vehumet.
   146 | D        | Reached skill level 12 in Maces & Flails
   146 | D        | Reached XP level 6. HP: 55/59 MP: 5/5
   168 | D        | Found Vuloy's Antique Armour Emporium.
   168 | D        | Found an ancient bone altar of Kikubaaqudgha.
   168 | D        | Found a hazy altar of Hepliaklqana.
   168 | D        | Found a stormy altar of Qazlal.
   168 | D        | Found a hide-covered altar of Uskayaw.
   168 | D        | Found a blossoming altar of Fedhas.
   168 | D        | Found a bloodstained altar of Trog.
   168 | D        | Found an iron altar of Okawaru.
   168 | D        | Found a basalt altar of Yredelemnul.
   168 | D        | Found a glowing golden altar of the Shining One.
   168 | D        | Found a snail-covered altar of Cheibriados.
   168 | D        | Found a sacrificial altar of Ru.
   168 | D        | Found a glowing silver altar of Zin.
   168 | D        | Found a shadowy altar of Dithmenos.
   168 | D        | Found a white marble altar of Elyvilon.
   168 | D        | Noticed a yak
   171 | D        | Killed a yak
   172 | D        | Reached skill level 13 in Maces & Flails
   172 | D        | Found an opulent altar of Gozag.
   173 | D        | Found a sparkling altar of Nemelex Xobeh.
   177 | D        | Bought a glowing robe for 81 gold pieces
   210 | D        | Found a viscous altar of Jiyva.
   210 | D        | Found a corrupted altar of Lugonu.
   210 | D        | Noticed a slime creature
   211 | D        | Found a burning altar of Makhleb.
   211 | D        | Found a shimmering altar of Xom.
   215 | D        | Killed a slime creature
   215 | D        | Reached *** piety under Trog
   216 | D        | Reached skill level 14 in Maces & Flails
   216 | D        | Reached XP level 7. HP: 39/66 MP: 6/6
   252 | D        | Noticed a kobold demonologist
   253 | D        | Noticed a kobold demonologist
   255 | D        | Noticed an ice devil
   255 | D        | Killed a kobold demonologist
   256 | D        | Reached skill level 15 in Maces & Flails
   256 | D        | Paralysed by a floating eye for 2 turns
   257 | D        | Noticed an ice devil
   258 | D        | Noticed a rust devil
   264 | D        | Paralysed by a floating eye for 3 turns
   269 | D        | Killed a kobold demonologist
   270 | D        | Reached skill level 16 in Maces & Flails
   270 | D        | Reached XP level 8. HP: 45/74 MP: 7/7
   273 | D        | Reached **** piety under Trog
   330 | D        | Noticed Sonja
   337 | D        | HP: 5/74 [Sonja/+3 short sword of distortion (19)]
   337 | D        | Slain by Sonja

Table legend: (Time is in decaauts)
 A = Elapsed time spent in this place.
 B = Non-inter-level travel time spent in this place.
 C = Inter-level travel time spent in this place.
 D = Time resting spent in this place.
 E = Time spent auto-exploring this place.
 F = Levels seen in this place.
 G = Mean time per level.
                   A        B        C        D        E       F      G
               +--------+--------+--------+--------+--------+-----+--------+
         Total |    352 |    352 |      0 |    145 |     19 |   1 |  352.0 |
       Dungeon |    352 |    352 |      0 |    145 |     19 |   1 |  352.0 |
               +--------+--------+--------+--------+--------+-----+--------+

Top non-repeatable levels by time:
       D: 352 daAuts

Table legend:
 A = Kills in this place as a percentage of kills in entire the game.
 B = Kills by you in this place as a percentage of kills by you in the entire game.
 C = Kills by friends in this place as a percentage of kills by friends in the entire game.
 D = Other kills in this place as a percentage of other kills in the entire game.
 E = Experience gained in this place as a percentage of experience gained in the entire game.
 F = Experience gained in this place divided by the number of levels of this place that you have seen.
                   A       B       C       D       E      F
               +-------+-------+-------+-------+-------+----------------------
         Total | 100.0 | 100.0 |   N/A |   N/A | 100.0 | 1749.0
       Dungeon | 100.0 | 100.0 |   N/A |   N/A | 100.0 | 1749.0
               +-------+-------+-------+-------+-------+----------------------

Action                   |  1- 3 |  4- 6 |  7- 9 || total
-------------------------+-------+-------+-------++-------
Melee: Mace              |    24 |       |       ||    24
       Giant club        |       |    21 |    14 ||    35
Invok: Berserk           |     2 |       |     1 ||     3
       Trog's Hand       |       |       |     1 ||     1
  Use: Potion            |       |     2 |       ||     2
Armor: Animal skin       |       |     3 |       ||     3
       Robe              |       |       |     3 ||     3
Dodge: Dodged            |     3 |     3 |     4 ||    10

Vanquished Creatures
  2 kobold demonologists (D)
  A slime creature (D)
  Sigmund (D)
  A yak (D)
  A floating eye (D)
  An ogre (D)
  A jelly (D)
  Ijyb (D)
9 creatures vanquished.
